Map: Catallena LE (Void)

Players

InstiGator

  • Race: Protoss Protoss
  • League: Platinum
  • Spawn Location: 5:00

TWillG - Winner!

  • Race: Protoss Protoss
  • League: Platinum
  • Spawn Location: 12:00

VOD

Have the link to the VOD?

Description

Time

  • Played on: Nov. 10, 2017, 1:56 p.m.
  • Length: 14:21
Show
View Real Time Build Order
Export as new Build Order

InstiGator Protoss 

Build Orders:  

Get SALT Encoding   

  12  0:01  Probe (Chrono Boost)  
  13  0:12  Probe (Chrono Boost)  
  14  0:18  Pylon  
  14  0:24  Probe (Chrono Boost)  
  15  0:37  Probe (Chrono Boost)  
  16  0:45  Gateway  
  16  0:47  Probe (Chrono Boost)  
  17  0:51  Assimilator  
  17  0:58  Probe (Chrono Boost)  
  17  1:02  Pylon  
  18  1:08  Probe (Chrono Boost)  
  19  1:19  Probe (Chrono Boost)  
  19  1:22  Gateway  
  20  1:32  Cybernetics Core  
  20  1:36  Probe (Chrono Boost)  
  22  1:47  Probe (Chrono Boost), Pylon  
  22  2:14  Nexus  
  22  2:17  Warp Gate (Chrono Boost)  
  22  2:24  Probe (Chrono Boost)  
  22  2:28  Stalker  
  25  2:33  Zealot  
  27  2:57  Twilight Council  
  27  2:59  Gateway  
  27  3:01  Pylon  
  27  3:03  Probe  
  28  3:15  Probe  
  28  3:18  Stalker  
  31  3:22  Stalker  
  33  3:28  Pylon  
  33  3:31  Probe  
  33  3:33  Probe  
  35  3:41  Pylon  
  21  4:10  Stalker  
  21  4:12  Stalker  
  25  4:29  Probe x2  
  27  4:40  Probe  
  27  4:41  Probe  
  27  4:44  Assimilator  
  28  4:51  Gateway x2  
  28  4:53  Probe  
  28  4:54  Pylon  
  28  4:58  Zealot  
  28  4:59  Probe  
  32  5:13  Zealot  
  34  5:14  Stalker  
  34  5:18  Probe  
  37  5:22  Probe  
  38  5:29  Adept  
  40  5:42  Zealot x2  
  44  5:46  Probe  
  44  5:48  Probe  
  46  5:53  Charge (Chrono Boost)  
  46  5:55  Zealot  
  48  6:00  Zealot x2  
  48  6:03  Probe  
  52  6:08  Zealot x2  
  52  6:09  Assimilator  
  57  6:15  Probe  
  57  6:16  Forge  
  58  6:19  Sentry  
  59  6:31  Stalker  
  52  6:46  Probe  
  53  6:58  Probe  
  54  7:05  Zealot x2  
  58  7:09  Photon Cannon  
  58  7:10  Probe  
  58  7:11  Probe  
  60  7:18  Stalker  
  60  7:21  Zealot  
  64  7:23  Probe  
  64  7:24  Sentry  
  67  7:35  Probe  
  68  7:47  Probe, Pylon  
  69  7:55  Nexus  
  69  7:59  Probe  
  70  8:17  Probe, Robotics Facility  
  70  8:19  Pylon  
  71  8:20  Protoss Ground Weapons Level 1 (Chrono Boost)  
  70  8:29  Sentry, Zealot  
  70  8:33  Adept  
  76  8:36  Probe  
  59  8:50  Zealot x2  
  59  9:01  Zealot x2  
  63  9:04  Probe  
  63  9:05  Probe  
  65  9:15  Probe  
  66  9:18  Probe  
  66  9:20  Observer  
  66  9:21  Assimilator  
  54  9:38  Stalker x2  
  42  9:39  Probe, Zealot x3  
  42  9:42  Observer  
  50  9:47  Probe  
  50  9:50  Probe  
  52  9:57  Gateway  
  52  9:59  Probe, Zealot  
  55  10:00  Stalker  
  55  10:02  Sentry  
  55  10:04  Sentry  
  55  10:06  Sentry  
  63  10:12  Protoss Ground Armor Level 1 (Chrono Boost)  
  63  10:19  Zealot  
  65  10:26  Immortal (Chrono Boost)  
  69  10:32  Blink  
  69  10:37  Probe x2  
  69  10:39  Probe  
  69  10:41  Gateway  
  72  10:48  Photon Cannon  
  72  10:51  Probe, Pylon  
  72  10:53  Probe  
  74  11:04  Dark Shrine  
  74  11:09  Gateway  
  74  11:10  Probe  
  74  11:11  Pylon  
  75  11:20  Zealot  
  75  11:21  Zealot x2  
  75  11:22  Sentry  
  75  11:23  Sentry  
  85  11:32  Stalker  
  85  11:39  Probe x2  
  89  11:45  Immortal (Chrono Boost)  
  89  11:46  Stalker x2  
  97  11:48  Stalker  
  97  11:50  Sentry  
  97  11:54  Stalker  
  103  11:55  Adept  
  103  11:58  Adept  
  103  11:59  Probe  
  103  12:01  Probe  
  109  12:02  Mothership Core  
  111  12:09  Adept  
  111  12:11  Adept  
  111  12:14  Stalker  
  117  12:17  Stalker  
  117  12:20  Probe x2  
  120  12:38  Adept  
  120  12:39  Adept  
  120  12:43  Pylon  
  124  12:46  Pylon  
  124  12:50  Pylon  
  120  13:00  Nexus  
  120  13:03  Pylon  
  120  13:06  Pylon  
  120  13:09  Assimilator  
  120  13:11  Assimilator  
  120  13:15  Dark Templar x2  
  120  13:16  Dark Templar x2  
  120  13:19  Probe  
  128  13:20  Probe  
  128  13:21  Probe  
  131  13:32  Adept  
  131  13:33  Probe x2, Zealot  
  137  13:36  Stalker  
  137  13:46  Stalker  
  113  13:48  Stalker  
  97  14:02  Zealot x6  
  65  14:10  Dark Templar  
Show
View Real Time Build Order
Export as new Build Order

TWillG Protoss - Winner!

Build Orders: 1 Gate Expand, Oracle Opening 

Get SALT Encoding   

  12  0:01  Probe (Chrono Boost)  
  13  0:14  Pylon  
  13  0:18  Probe (Chrono Boost)  
  14  0:29  Probe (Chrono Boost)  
  14  0:35  Gateway  
  15  0:41  Assimilator  
  15  0:45  Probe (Chrono Boost)  
  16  0:55  Probe (Chrono Boost)  
  17  1:06  Probe (Chrono Boost)  
  18  1:16  Probe (Chrono Boost)  
  19  1:23  Cybernetics Core  
  19  1:27  Probe (Chrono Boost)  
  20  1:43  Nexus  
  20  1:51  Pylon  
  20  1:55  Assimilator  
  20  2:08  Stargate  
  20  2:16  Probe (Chrono Boost)  
  21  2:26  Probe (Chrono Boost)  
  23  2:37  Probe (Chrono Boost)  
  23  2:49  Gateway  
  23  2:51  Oracle (Chrono Boost)  
  23  2:58  Gateway  
  26  3:02  Mothership Core  
  26  3:03  Probe  
  29  3:18  Probe  
  31  3:23  Probe  
  31  3:38  Pylon  
  31  3:39  Warp Gate (Chrono Boost), Robotics Facility  
  29  4:05  Probe, Mothership Core  
  32  4:18  Probe  
  32  4:20  Zealot x2  
  32  4:21  Zealot  
  39  4:39  Observer  
  40  4:48  Forge  
  40  4:53  Stalker, Twilight Council  
  40  4:56  Phoenix  
  44  5:03  Pylon  
  44  5:07  Probe  
  44  5:08  Probe  
  46  5:17  Probe  
  46  5:18  Immortal (Chrono Boost)  
  46  5:20  Probe  
  52  5:30  Photon Cannon  
  52  5:31  Photon Cannon  
  52  5:32  Probe  
  52  5:43  Probe  
  52  5:45  Probe  
  54  5:50  Protoss Ground Weapons Level 1 (Chrono Boost)  
  54  5:54  Charge  
  54  6:09  Pylon  
  54  6:12  Pylon  
  54  6:28  Immortal (Chrono Boost)  
  58  6:40  Stalker x3  
  64  6:54  Pylon  
  64  6:56  Pylon  
  64  6:59  Forge  
  64  7:00  Probe  
  65  7:01  Gateway  
  65  7:02  Gateway  
  65  7:10  Photon Cannon  
  65  7:13  Probe  
  65  7:14  Photon Cannon  
  66  7:27  Immortal (Chrono Boost)  
  70  7:35  Protoss Ground Armor Level 1 (Chrono Boost)  
  70  7:44  Fleet Beacon  
  70  8:04  Zealot x3  
  76  8:07  Protoss Ground Weapons Level 2 (Chrono Boost)  
  76  8:08  Nexus  
  76  8:10  Pylon  
  73  8:14  Pylon  
  73  8:15  Pylon  
  73  8:19  Zealot x2  
  53  8:55  Gateway  
  53  8:56  Gateway  
  53  8:58  Gateway  
  53  9:00  Gateway  
  53  9:01  Carrier (Chrono Boost)  
  53  9:02  Gateway  
  55  9:05  Zealot x2  
  55  9:26  Zealot  
  55  9:27  Zealot x4  
  59  9:44  Protoss Air Weapons Level 1 (Chrono Boost)  
  59  9:46  Graviton Catapult (Chrono Boost)  
  59  9:55  Assimilator  
  59  9:59  Assimilator  
  59  10:01  Probe  
  59  10:02  Probe x2  
  62  10:09  Assimilator  
  62  10:11  Probe  
  63  10:14  Probe x2, Assimilator  
  63  10:26  Probe x2  
  65  10:35  Carrier (Chrono Boost)  
  65  10:37  Probe  
  65  10:38  Probe x2  
  74  10:48  Probe (Chrono Boost)  
  75  10:50  Probe (Chrono Boost)  
  75  10:51  Probe (Chrono Boost)  
  77  10:59  Probe (Chrono Boost)  
  77  11:02  Probe x2 (Chrono Boost)  
  80  11:05  Immortal  
  80  11:07  Zealot x3  
  80  11:08  Protoss Ground Weapons Level 3 (Chrono Boost)  
  80  11:09  Probe (Chrono Boost), Zealot  
  93  11:12  Probe (Chrono Boost)  
  93  11:16  Protoss Ground Armor Level 2 (Chrono Boost)  
  94  11:40  Protoss Air Weapons Level 2 (Chrono Boost)  
  94  11:41  Nexus  
  94  11:58  Stargate  
  94  12:00  Carrier (Chrono Boost)  
  100  12:17  Zealot x3  
  100  12:18  Zealot x3  
  100  12:19  Zealot  
  114  12:28  Pylon  
  114  12:31  Pylon  
  114  12:35  Pylon  
  120  12:45  Carrier (Chrono Boost)  
  119  13:03  Stalker x2  
  119  13:04  Stalker x4  
  131  13:21  Zealot x3  
  131  13:22  Zealot  
  139  13:38  Dark Shrine  
  113  13:48  Zealot x2  
  113  13:49  Zealot x6  
Tags
 
Add a new tag
Caveats
  • Supply blocks, unpowered buildings, or Contaminate may cause inaccurate times.
  • Supply counts are checked every 10 seconds.